 Dungeon Crawl Stone Soup version 0.23.1 (webtiles) character file.

Game seed: 0

62027 gruber the Slicer (level 15, -13/115 HPs)
             Began as a Gnoll Wanderer on Mar 8, 2019.
             Was a High Priest of Okawaru.
             Killed from afar by Azrael (43 damage)
             ... with damnation
             ... on level 13 of the Dungeon on Mar 9, 2019.
             The game lasted 01:15:23 (29919 turns).

gruber the Slicer (Gnoll Wanderer)                 Turns: 29919, Time: 01:15:24

Health: -13/115    AC: 19    Str:  9    XL:     15   Next: 4%
Magic:  29/29      EV: 16    Int: 21    God:    Okawaru [*****.]
Gold:   1543       SH: 10    Dex: 15    Spells: 25/35 levels left

rFire    + . .     SeeInvis .   Q - +6 dagger (venom)
rCold    + + .     Gourm    .   k - +2 buckler
rNeg     + . .     Faith    .   e - +6 scale mail of Courage {rN+ Regen+ Str-5}
rPois    .         Spirit   .   Y - +2 hat
rElec    .         Reflect  .   w - scarf {rC+ rF+}
rCorr    .         Harm     .   a - +0 pair of gloves
MR       +....                  (no boots)
Stlth    +++++.....             P - amulet of regeneration
HPRegen  1.09/turn              j - ring of wizardry
MPRegen  0.21/turn              A - ring of protection from cold

@: heroism
A: distributed training, fangs 1, strong nose
a: Heroism, Finesse, Renounce Religion


You were on level 13 of the Dungeon.
You worshipped Okawaru.
Okawaru was extremely pleased with you.
You were very hungry.

You visited 4 branches of the dungeon, and saw 21 of its levels.
You also visited: Sewer.

You collected 1543 gold pieces.

Inventory:

Hand Weapons
 m - a +0 hunting sling
 v - a +2 rapier of protection
 D - a +0 blowgun
 Q - a +6 dagger of venom (weapon)
 T - the cursed +1 long sword "Noraafea" {slice, rPois rF+ Int+2 Dex+4}
   (You found it on level 9 of the Dungeon)

   It inflicts extra damage upon your enemies.
   It affects your intelligence (+2).
   It affects your dexterity (+4).
   It protects you from fire.
   It protects you from poison.
   It has a curse placed upon it.
Missiles
 n - 568 stones (quivered)
 B - 5 curare-tipped needles
 C - 54 poisoned needles
 G - 135 sling bullets
Armour
 a - a +0 pair of gloves (worn)
 e - the +6 scale mail of Courage (worn) {rN+ Regen+ Str-5}
   (Okawaru gifted it to you on level 13 of the Dungeon)

   It affects your strength (-5).
   It protects you from negative energy.
   It increases your rate of regeneration.
 k - a +2 buckler (worn)
 w - a scarf of resistance (worn)
 F - a +0 troll leather armour
 Y - a +2 hat (worn)
Jewellery
 c - an uncursed ring of ice
 g - an uncursed ring of fire
 j - a ring of wizardry (left hand)
 y - an uncursed ring of see invisible
 A - a ring of protection from cold (right hand)
 P - an amulet of regeneration (around neck)
Wands
 d - a wand of iceblast (1)
 l - a wand of paralysis (5)
 u - a wand of digging (5)
 E - a wand of flame (9)
 S - a wand of disintegration (4)
 Z - a wand of acid (5)
Scrolls
 b - 6 scrolls of fear
 o - 3 scrolls of magic mapping
 p - 17 scrolls of remove curse
 r - a scroll of silence
 s - 10 scrolls of teleportation
 J - 5 scrolls of blinking
 L - 3 scrolls of fog
 N - a scroll of summoning
 W - 2 scrolls of immolation
 X - 2 scrolls of enchant weapon
Potions
 h - 4 potions of haste
 i - 3 potions of curing
 q - 2 potions of heal wounds
 t - 4 potions of might
 x - a potion of invisibility
 z - 3 potions of flight
 I - a potion of ambrosia
 K - 3 potions of magic
 M - 4 potions of brilliance {unknown}
 O - a potion of agility
 R - a potion of resistance {unknown}
Miscellaneous
 U - a lamp of fire
 V - a fan of gales
Comestibles
 f - 38 rations


   Skills:
 + Level 9.6(14.6) Fighting
 + Level 12.5(17.5) Short Blades
 + Level 9.6(14.6) Long Blades
 + Level 9.6(14.6) Axes
 + Level 9.6(14.6) Maces & Flails
 + Level 9.6(14.6) Polearms
 + Level 9.6(14.6) Staves
 + Level 9.6(14.6) Slings
 + Level 9.6(14.6) Bows
 + Level 9.6(14.6) Crossbows
 + Level 9.6(14.6) Throwing
 + Level 9.6(14.6) Armour
 + Level 9.6(14.6) Dodging
 + Level 11.2(16.2) Stealth
 + Level 9.6(14.6) Shields
 + Level 9.6(14.6) Unarmed Combat
 + Level 10.8 Spellcasting
 + Level 8.1 Conjurations
 + Level 8.4 Hexes
 + Level 8.1 Charms
 + Level 8.1 Summonings
 + Level 8.1 Necromancy
 + Level 8.1 Translocations
 + Level 8.1 Transmutations
 + Level 8.1 Fire Magic
 + Level 8.1 Ice Magic
 + Level 8.1 Air Magic
 + Level 8.1 Earth Magic
 + Level 8.1 Poison Magic
 + Level 10.5 Invocations
 + Level 9.6 Evocations


You had 25 spell levels left.
You knew the following spells:

 Your Spells              Type           Power        Failure   Level  Hunger
a - Blink                 Tloc           N/A          1%          2    None
b - Shroud of Golubria    Chrm/Tloc      #####.....   1%          2    None
c - Freezing Cloud        Conj/Ice/Air   #####.....   45%         6    ######.

Your spell library contained the following spells:

 Spells                   Type           Power        Failure   Level  Hunger
 Confusing Touch          Hex            #####.       1%          1    None
 Magic Dart               Conj           ####         1%          1    None
 Sting                    Conj/Pois      ####         1%          1    None
 Call Imp                 Summ           #####...     1%          2    None
 Poisonous Vapours        Pois/Air       #####.       1%          2    None
 Searing Ray              Conj           #####.       1%          2    None
 Slow                     Hex            #####...     1%          2    None
 Confuse                  Hex            #####...     1%          3    None
 Conjure Flame            Conj/Fire      #####...     1%          3    None
 Dazzling Spray           Conj/Hex       #####.       1%          3    None
 Gell's Gravitas          Tloc           #####.....   1%          3    None
 Ignite Poison            Fire/Tmut/Pois #####...     1%          3    None
 Mephitic Cloud           Conj/Pois/Air  #####...     1%          3    None
 Static Discharge         Conj/Air       #####...     1%          3    None
 Cause Fear               Hex            #####.....   3%          4    ##.....
 Force Lance              Conj/Tloc      #####...     3%          4    ##.....
 Fulminant Prism          Conj/Hex       #####.....   3%          4    ##.....
 Iskenderun's Mystic Bla  Conj           #####...     3%          4    ##.....
 Olgreb's Toxic Radiance  Pois           #####...     3%          4    ##.....
 Petrify                  Tmut/Erth      #####...     3%          4    ##.....
 Metabolic Englaciation   Hex/Ice        #####.....   9%          5    ####...
 Silence                  Hex/Air        #####.....   9%          5    ####...
 Yara's Violent Unravell  Hex/Tmut       #####.....   9%          5    ####...
 Bolt of Magma            Conj/Fire/Erth #####.....   10%         5    ####...
 Fireball                 Conj/Fire      #####.....   10%         5    ####...
 Iskenderun's Battlesphe  Conj/Chrm      #####...     10%         5    ####...
 Lightning Bolt           Conj/Air       #####.....   10%         5    ####...
 Venom Bolt               Conj/Pois      #####.....   10%         5    ####...
 Bolt of Fire             Conj/Fire      #####.....   45%         6    ######.
 Deflect Missiles         Chrm/Air       #####.....   45%         6    ######.
 Iron Shot                Conj/Erth      #####.....   45%         6    ######.
 Orb of Destruction       Conj           #####.....   95%         7    #######
 Ring of Flames           Chrm/Fire      #####.....   95%         7    #######
 Spellforged Servitor     Conj/Summ      #####.....   95%         7    #######
 Discord                  Hex            #####.....   100%        8    #######
 Ignition                 Fire           #####.....   100%        8    #######
 Shatter                  Erth           #####.....   100%        9    #######
 Tornado                  Air            #####.....   100%        9    #######


Dungeon Overview and Level Annotations

Branches:
Dungeon (13/15)            Temple (1/1) D:7            Lair (6/6) D:10
 Shoals (0/4) Lair:3        Snake (0/4) Lair:3        Slime (0/5) Lair:6
    Orc (1/2) D:10
 Vaults: D:13-14

Altars:
Ashenzari
Cheibriados
Dithmenos
Elyvilon
Gozag
Hepliaklqana
Kikubaaqudgha
Makhleb
Nemelex Xobeh
Okawaru
Qazlal
Ru
Sif Muna
Trog
Uskayaw
Vehumet
Wu Jian
Xom
Yredelemnul
The Shining One
Jiyva

Shops:
D:7 }   D:9 :

Annotations:
D:9 1 runed translucent door
D:13 Azrael
Orc:1 Jorgrun


Innate Abilities, Weirdness & Mutations

Your experience applies equally to all skills.
You have very sharp teeth.
Your uncanny sense of smell can sniff out nearby items.


Message History

Your scale mail of Courage prevents you from hitting Azrael.
Azrael is severely wounded.
You hit Azrael but do no damage.
Azrael is almost dead.
Azrael hits you but does no damage.
You hit Azrael but do no damage. You bite Azrael, but do no damage.
Azrael is almost dead.
You hit Azrael but do no damage.
Azrael is almost dead.
Azrael gestures at you.
The fireball explodes!
The fireball engulfs you! You resist.
* * * LOW HITPOINT WARNING * * *
The fireball engulfs Azrael.
Azrael completely resists.
You hit Azrael but do no damage.
Azrael is almost dead.
You hit Azrael.
Azrael looks as sick as possible!
Azrael is almost dead.
Azrael gestures at you.
The sphere of damnation explodes!
The damnation engulfs you!!!
You die...

.....#########'#.....#
.....................#
......##....#........#
......##.............#
...#..##)............#
...#..##.........##..#
...#.............##..#
.....####'#......##..#
######....###'##@##..#
..........#....#R##..#
..........#....#EE☼..#
..........#.†..#.....#
############...#.....#
#......#####.....#
#.........☼..###.#
#..##...###......#
#.......☼☼○......#


You could see Azrael and 2 fire elementals.

Vanquished Creatures
  Frances (D:13)
  Kirke (D:12)
  Snorg (D:10)
  Harold (D:10)
  4 hydras
  A two-headed ogre (D:13)
  Erica (D:10)
  A catoblepas (D:13)
  A tengu warrior (D:13)
  Nergalle (D:11)
  Sonja (Lair:4)
  A wizard (D:9)
  An orc knight (D:9)
  2 orc sorcerers (Orc:1)
  An ugly thing (D:13)
  A deep elf mage (D:13)
  Joseph (D:10)
  8 elephants
  2 torpor snails
  2 black mambas
  24 spiny frogs
  A gargoyle (D:13)
  2 rime drakes
  2 komodo dragons
  3 trolls
  3 tengu conjurers (D:13)
  2 tyrant leeches (Lair:6)
  3 polar bears
  A snapping turtle (Lair:3)
  22 blink frogs
  8 hippogriffs
  A vampire (D:10)
  A wyvern (D:11)
  52 yaks
  A wraith (D:10)
  6 hogs
  3 fire elementals (D:13)
  3 basilisks
  2 steam dragons
  6 vampire mosquitoes
  5 hungry ghosts
  A warg (Orc:1)
  A naga (Lair:3)
  A soldier ant (D:11)
  2 acid dragons
  Duvessa (D:7)
  15 water moccasins
  3 hell hounds (D:13)
  12 porcupines
  A black bear (D:7)
  A hornet zombie (D:9)
  12 orc warriors
  2 ice beasts
  4 sky beasts
  An eye of draining (D:12)
  4 centaurs
  3 necrophages
  6 ogres
  4 phantoms
  10 wolves
  10 crocodiles
  3 big kobolds
  A water moccasin zombie (D:12)
  32 bullfrogs
  2 wyvern skeletons
  Dowan (D:7)
  2 troll zombies
  A scorpion (D:10)
  5 killer bees
  12 wights
  An electric eel (Lair:6)
  3 howler monkeys
  3 jellies
  4 bullfrog zombies
  A centaur zombie (D:12)
  7 crimson imps
  5 human zombies (D:9)
  11 hounds
  7 orc priests
  14 orc wizards
  A bullfrog skeleton (D:4)
  4 centaur skeletons
  A human skeleton (D:9)
  An iguana (D:10)
  Natasha (thrice) (D:4)
  5 hell rats (Lair:1)
  7 worker ants
  5 ogre zombies (D:10)
  An ogre skeleton (D:9)
  A hound skeleton (D:11)
  A mummy (D:9)
  A worker ant zombie (D:5)
  6 river rats
  18 adders
  2 shadow imps (D:9)
  3 oozes
  A worm (D:3)
  4 dart slugs
  6 leopard geckos
  43 orcs
  16 ball pythons
  2 giant cockroaches
  9 goblins
  8 hobgoblins
  13 jackals
  16 kobolds
  6 quokkas
  8 bats
  8 frilled lizards
  2 goblin zombies (D:10)
  2 hobgoblin skeletons (D:10)
  2 hobgoblin zombies (D:10)
  2 orc skeletons (D:10)
  11 orc zombies (D:10)
  43 rats
  A fungus (D:10)
  A plant (Lair:2)
657 creatures vanquished.

Vanquished Creatures (collateral kills)
  A basilisk (Lair:5)
  A crocodile (Lair:5)
2 creatures vanquished.

Vanquished Creatures (others)
  28 fungi
  59 plants
87 creatures vanquished.

Grand Total: 746 creatures vanquished

Notes
Turn   | Place    | Note
-------+----------+-------------------------------------------
     0 | D:1      | gruber the Gnoll Wanderer began the quest for the Orb.
     0 | D:1      | gruber set off with the following items: a +2 dagger, a
                  | scroll of fear, a potion of lignification, a +0 robe, a
                  | ration; and the following spells available to memorise:
                  | Blink, Shroud of Golubria
     0 | D:1      | Reached XP level 1. HP: 13/13 MP: 6/6
   210 | D:1      | Reached XP level 2. HP: 19/19 MP: 7/7
   214 | D:1      | Learned a level 2 spell: Blink
   915 | D:2      | Reached XP level 3. HP: 25/25 MP: 9/9
   947 | D:2      | Reached skill level 5 in Spellcasting
   977 | D:2      | Reached skill level 1 in Invocations
  1061 | D:2      | Reached skill level 1 in Fighting
  1061 | D:2      | Reached skill level 1 in Long Blades
  1061 | D:2      | Reached skill level 1 in Axes
  1061 | D:2      | Reached skill level 1 in Maces & Flails
  1061 | D:2      | Reached skill level 1 in Polearms
  1061 | D:2      | Reached skill level 1 in Staves
  1061 | D:2      | Reached skill level 1 in Slings
  1061 | D:2      | Reached skill level 1 in Bows
  1061 | D:2      | Reached skill level 1 in Crossbows
  1061 | D:2      | Reached skill level 1 in Throwing
  1061 | D:2      | Reached skill level 1 in Armour
  1061 | D:2      | Reached skill level 1 in Dodging
  1061 | D:2      | Reached skill level 1 in Shields
  1061 | D:2      | Reached skill level 1 in Unarmed Combat
  1061 | D:2      | Reached skill level 1 in Evocations
  1142 | D:2      | Reached XP level 4. HP: 28/32 MP: 11/11
  1528 | D:2      | Found a stormy altar of Qazlal.
  1815 | D:2      | Found a hazy altar of Hepliaklqana.
  1822 | D:2      | Found a radiant altar of Vehumet.
  1822 | D:2      | Found a glowing golden altar of the Shining One.
  1823 | D:2      | Found a shadowy altar of Dithmenos.
  1826 | D:2      | Found an ornate altar of the Wu Jian Council.
  2217 | D:3      | Reached skill level 1 in Conjurations
  2217 | D:3      | Reached skill level 1 in Charms
  2217 | D:3      | Reached skill level 1 in Summonings
  2217 | D:3      | Reached skill level 1 in Necromancy
  2217 | D:3      | Reached skill level 1 in Translocations
  2217 | D:3      | Reached skill level 1 in Transmutations
  2217 | D:3      | Reached skill level 1 in Fire Magic
  2217 | D:3      | Reached skill level 1 in Ice Magic
  2217 | D:3      | Reached skill level 1 in Air Magic
  2217 | D:3      | Reached skill level 1 in Earth Magic
  2217 | D:3      | Reached skill level 1 in Poison Magic
  2552 | D:3      | Reached XP level 5. HP: 37/37 MP: 12/12
  3056 | D:4      | Found an iron altar of Okawaru.
  3072 | D:4      | Became a worshipper of Warmaster Okawaru
  3403 | D:4      | Noticed Natasha
  3416 | D:4      | Killed Natasha
  3441 | D:4      | Reached XP level 6. HP: 35/44 MP: 13/13
  3446 | D:4      | Learned a level 2 spell: Shroud of Golubria
  3836 | D:4      | Noticed Natasha
  3859 | D:4      | Killed Natasha
  3923 | D:4      | Noticed Natasha
  4255 | D:4      | Killed Natasha
  4455 | D:5      | Entered Level 5 of the Dungeon
  4600 | D:5      | Noticed an ice beast
  4603 | D:5      | Killed an ice beast
  4603 | D:5      | Reached XP level 7. HP: 50/50 MP: 15/15
  4790 | D:5      | Reached * piety under Okawaru
  5023 | D:5      | Reached skill level 9 in Short Blades
  5404 | D:5      | Reached XP level 8. HP: 42/57 MP: 16/16
  5547 | D:5      | Found a bloodstained altar of Trog.
  5547 | D:5      | Found a hide-covered altar of Uskayaw.
  5693 | D:6      | Found a glowing drain.
  5715 | Sewer    | Entered a sewer
  6500 | D:6      | Reached skill level 5 in Fighting
  6500 | D:6      | Reached skill level 10 in Short Blades
  6500 | D:6      | Reached skill level 5 in Long Blades
  6500 | D:6      | Reached skill level 5 in Axes
  6500 | D:6      | Reached skill level 5 in Maces & Flails
  6500 | D:6      | Reached skill level 5 in Polearms
  6500 | D:6      | Reached skill level 5 in Staves
  6500 | D:6      | Reached skill level 5 in Slings
  6500 | D:6      | Reached skill level 5 in Bows
  6500 | D:6      | Reached skill level 5 in Crossbows
  6500 | D:6      | Reached skill level 5 in Throwing
  6500 | D:6      | Reached skill level 5 in Armour
  6500 | D:6      | Reached skill level 5 in Dodging
  6500 | D:6      | Reached skill level 5 in Shields
  6500 | D:6      | Reached skill level 5 in Unarmed Combat
  6500 | D:6      | Reached skill level 5 in Hexes
  6500 | D:6      | Reached skill level 5 in Invocations
  6500 | D:6      | Reached skill level 5 in Evocations
  6500 | D:6      | Reached XP level 9. HP: 60/68 MP: 17/20
  6524 | D:6      | Found a shattered altar of Ashenzari.
  6601 | D:6      | Got a faintly glowing cloak
  6612 | D:6      | Identified the +2 cloak of Vumn {Dex+3} (You found it on
                  | level 6 of the Dungeon)
  6878 | D:6      | Reached ** piety under Okawaru
  7458 | D:7      | Found a staircase to the Ecumenical Temple.
  7495 | D:7      | Found a shimmering altar of Xom.
  7495 | D:7      | Found a shimmering altar of Xom.
  7495 | D:7      | Found a shimmering altar of Xom.
  7495 | D:7      | Found a shimmering altar of Xom.
  7496 | D:7      | Found a shimmering altar of Xom.
  7496 | D:7      | Found a shimmering altar of Xom.
  7725 | D:7      | Found Laes's Gadget Emporium.
  7785 | Temple   | Entered the Ecumenical Temple
  7981 | Temple   | Reached XP level 10. HP: 34/76 MP: 21/21
  8428 | D:7      | Found a shadowy altar of Dithmenos.
  8562 | D:7      | Noticed Duvessa
  8562 | D:7      | Noticed Dowan
  8573 | D:7      | Killed Dowan
  8601 | D:7      | Killed Duvessa
  8914 | D:7      | Reached *** piety under Okawaru
  9052 | D:8      | Found a white marble altar of Elyvilon.
  9097 | D:8      | Received a gift from Okawaru
  9110 | D:8      | Found a burning altar of Makhleb.
  9110 | D:8      | Found a deep blue altar of Sif Muna.
 10042 | D:9      | Got a transparent long sword
 10078 | D:9      | Identified the cursed +1 long sword "Noraafea" {slice,
                  | rPois rF+ Int+2 Dex+4} (You found it on level 9 of the
                  | Dungeon)
 10105 | D:9      | Found a runed translucent door.
 10131 | D:9      | Found Raufre Iwkot's Book Shoppe.
 10150 | D:9      | Noticed an eight-headed hydra
 10150 | D:9      | Noticed a two-headed ogre
 10151 | D:9      | Noticed a tengu warrior
 10184 | D:10     | Entered Level 10 of the Dungeon
 10208 | D:9      | Reached skill level 5 in Conjurations
 10208 | D:9      | Reached skill level 5 in Charms
 10208 | D:9      | Reached skill level 5 in Summonings
 10208 | D:9      | Reached skill level 5 in Necromancy
 10208 | D:9      | Reached skill level 5 in Translocations
 10208 | D:9      | Reached skill level 5 in Transmutations
 10208 | D:9      | Reached skill level 5 in Fire Magic
 10208 | D:9      | Reached skill level 5 in Ice Magic
 10208 | D:9      | Reached skill level 5 in Air Magic
 10208 | D:9      | Reached skill level 5 in Earth Magic
 10208 | D:9      | Reached skill level 5 in Poison Magic
 10231 | D:9      | Found a basalt altar of Yredelemnul.
 10235 | D:9      | Reached **** piety under Okawaru
 10551 | D:9      | Received a gift from Okawaru
 10798 | D:9      | Noticed a catoblepas
 10800 | D:9      | Noticed an orc knight
 10954 | D:9      | Reached XP level 11. HP: 72/81 MP: 23/23
 10993 | D:9      | Noticed a wizard
 11009 | D:9      | Killed a wizard
 11223 | D:9      | Got a fine glaive
 11342 | D:9      | Killed an orc knight
 11395 | D:9      | Identified the cursed +1 glaive of Wounding {freeze, +Rage}
                  | (You found it on level 9 of the Dungeon)
 11562 | D:10     | Found a staircase to the Lair.
 11623 | D:10     | Noticed Joseph
 11632 | D:10     | Paralysed by Joseph for 6 turns
 11648 | D:10     | Paralysed by Joseph for 3 turns
 11654 | D:10     | Killed Joseph
 11917 | D:10     | Found a staircase to the Orcish Mines.
 12125 | D:9      | HP: 4/83 [porcupine (8)]
 12482 | D:10     | Found a bloodstained altar of Trog.
 12661 | D:10     | Reached ***** piety under Okawaru
 12818 | D:10     | Noticed Erica
 12845 | D:10     | Killed Erica
 12845 | D:10     | Received a gift from Okawaru
 12912 | D:10     | Learned a level 6 spell: Freezing Cloud
 13215 | D:10     | Noticed Harold
 13218 | D:10     | Killed Harold
 13517 | D:11     | Found a snail-covered altar of Cheibriados.
 13866 | Lair:1   | Entered Level 1 of the Lair of Beasts
 14200 | Lair:1   | Reached XP level 12. HP: 91/91 MP: 24/24
 14265 | Lair:1   | Reached skill level 11 in Short Blades
 14953 | Lair:2   | Got a scorched flail
 14954 | Lair:2   | Identified the cursed +2 flail of Departure {drain, *Rage
                  | rPois rF+ Dex+3} (You found it on level 2 of the Lair of
                  | Beasts)
 16091 | Lair:2   | Noticed an eight-headed hydra
 16276 | Orc:1    | Entered Level 1 of the Orcish Mines
 16631 | Orc:1    | Noticed Snorg
 16936 | D:11     | HP: 3/91 [something/vampiric draining (18)]
 16963 | D:11     | HP: 4/91 [vampire (8)]
 16977 | D:10     | HP: 1/91 [vampire/vampiric draining (20)]
 17039 | D:11     | Received a gift from Okawaru
 17713 | D:12     | Noticed Nergalle
 17759 | D:11     | Killed Nergalle
 18296 | D:12     | Noticed Kirke
 18419 | D:12     | Noticed a sphinx
 18447 | D:12     | Noticed a sphinx
 18658 | D:12     | Killed Kirke
 18955 | D:12     | Reached XP level 13. HP: 98/98 MP: 17/26
 18991 | D:12     | Reached skill level 10 in Stealth
 19518 | D:13     | Noticed Frances
 19859 | D:10     | Killed Snorg
 19859 | D:10     | Received a gift from Okawaru
 20055 | Orc:1    | Noticed Jorgrun
 20292 | Orc:1    | HP: 4/98 [orc warrior/+1 halberd of flaming (2)]
 22124 | Lair:3   | Found a staircase to the Snake Pit.
 22195 | Lair:3   | Found a staircase to the Shoals.
 22764 | Lair:4   | Noticed Sonja
 23143 | Lair:4   | Killed Sonja
 24139 | Lair:5   | Reached skill level 10 in Spellcasting
 24338 | Lair:5   | Received a gift from Okawaru
 24457 | Lair:5   | Reached XP level 14. HP: 49/106 MP: 26/28
 25227 | Lair:6   | Entered Level 6 of the Lair of Beasts
 25228 | Lair:6   | Reached skill level 12 in Short Blades
 25403 | Lair:5   | HP: 3/106 [spiny frog (13)]
 26553 | Lair:6   | Received a gift from Okawaru
 26565 | Lair:6   | Reached skill level 10 in Invocations
 26665 | Lair:6   | Received a gift from Okawaru
 27586 | Lair:6   | Found a viscous altar of Jiyva.
 27586 | Lair:6   | Found a staircase to the Slime Pits.
 28563 | D:13     | Noticed Azrael
 28682 | D:13     | Killed Frances
 28682 | D:13     | Received a gift from Okawaru
 28687 | D:13     | Got a distressingly furry scale mail {god gift}
 28875 | D:13     | Identified the +6 scale mail of Courage {rN+ Regen+ Str-5}
                  | (Okawaru gifted it to you on level 13 of the Dungeon)
 29393 | D:13     | Reached XP level 15. HP: 92/114 MP: 29/29
 29919 | D:13     | Killed from afar by Azrael

Skill      XL: |  1  2  3  4  5  6  7  8  9 10 11 12 13 14 |
---------------+-------------------------------------------+-----
Hexes          | 2 3 5 6 7 8 |  8.4
Stealth        | 6 8 9 10 11 | 11.2
Spellcasting   | 5 7 8 9 10 | 10.8
Invocations    | 1 2 3 5 6 7 8 9 10 | 10.5
Fighting       | 1 2 5 6 7 8 9 |  9.6
Long Blades    | 1 2 5 6 7 8 9 |  9.6
Axes           | 1 2 5 6 7 8 9 |  9.6
Maces & Flails | 1 2 5 6 7 8 9 |  9.6
Polearms       | 1 2 5 6 7 8 9 |  9.6
Staves         | 1 2 5 6 7 8 9 |  9.6
Slings         | 1 2 5 6 7 8 9 |  9.6
Bows           | 1 2 5 6 7 8 9 |  9.6
Crossbows      | 1 2 5 6 7 8 9 |  9.6
Throwing       | 1 2 5 6 7 8 9 |  9.6
Armour         | 1 2 5 6 7 8 9 |  9.6
Dodging        | 1 2 5 6 7 8 9 |  9.6
Shields        | 1 2 5 6 7 8 9 |  9.6
Unarmed Combat | 1 2 5 6 7 8 9 |  9.6
Evocations     | 1 2 5 6 7 8 9 |  9.6
Conjurations   | 1 2 4 5 6 7 8 |  8.1
Charms         | 1 2 4 5 6 7 8 |  8.1
Summonings     | 1 2 4 5 6 7 8 |  8.1
Necromancy     | 1 2 4 5 6 7 8 |  8.1
Translocations | 1 2 4 5 6 7 8 |  8.1
Transmutations | 1 2 4 5 6 7 8 |  8.1
Fire Magic     | 1 2 4 5 6 7 8 |  8.1
Ice Magic      | 1 2 4 5 6 7 8 |  8.1
Air Magic      | 1 2 4 5 6 7 8 |  8.1
Earth Magic    | 1 2 4 5 6 7 8 |  8.1
Poison Magic   | 1 2 4 5 6 7 8 |  8.1
Short Blades   | 9 10 11 12 | 12.5

Action                   |  1- 3 |  4- 6 |  7- 9 | 10-12 | 13-15 || total
-------------------------+-------+-------+-------+-------+-------++-------
Melee: Dagger            |    85 |   205 |   474 |  1484 |  2110 ||  4358
       Bite              |     5 |    15 |    62 |   260 |   291 ||   633
       Whip              |       |     2 |     7 |    11 |       ||    20
       Punch             |       |       |    12 |    36 |       ||    48
       Rapier            |       |       |       |   125 |    22 ||   147
 Fire: Hunting sling     |       |     5 |    25 |     2 |    44 ||    76
       Blowgun           |       |       |       |     1 |    30 ||    31
Throw: Stone             |       |       |       |     6 |       ||     6
 Cast: Shroud of Golubri |       |     3 |     1 |     3 |     3 ||    10
       Blink             |       |       |       |       |    18 ||    18
Invok: Heroism           |       |       |     2 |    12 |    18 ||    32
       Finesse           |       |       |       |     1 |     3 ||     4
Evoke: Wand              |       |       |       |       |    20 ||    20
       Fan of gales      |       |       |       |       |     1 ||     1
       Lamp of fire      |       |       |       |       |     1 ||     1
  Use: Scroll            |     1 |       |     6 |     9 |    12 ||    28
       Potion            |     1 |       |     4 |     8 |     4 ||    17
 Stab: Sleeping          |     9 |     9 |     9 |    46 |    14 ||    87
       Distracted        |       |       |     1 |     7 |     4 ||    12
       Petrified         |       |       |       |     1 |       ||     1
       Paralysed         |       |       |       |       |     1 ||     1
  Eat: Chunk             |       |     8 |    10 |    29 |    27 ||    74
       Ration            |       |     1 |       |     4 |     3 ||     8
Armor: Robe              |     8 |     8 |       |   170 |       ||   186
       Leather armour    |       |     8 |    74 |     5 |       ||    87
       Acid dragon scale |       |       |       |     1 |    26 ||    27
       Troll leather arm |       |       |       |       |   195 ||   195
       Scale mail        |       |       |       |       |    51 ||    51
Dodge: Dodged            |    27 |    67 |   263 |   664 |   943 ||  1964
Block: Buckler           |       |       |       |   117 |   403 ||   520
